 Dungeon Crawl Stone Soup version 0.30.1-11-g7821555f0a (webtiles) character file.

Game seed: 17869427650391442036

406 ChrisAssaf the Sneak (level 7, -2/49 HPs)
             Began as a Djinni Brigand on Nov 10, 2023.
             Slain by a hornet (8 damage)
             ... on level 5 of the Dungeon.
             The game lasted 00:10:21 (1997 turns).

ChrisAssaf the Sneak (Djinni Brigand)               Turns: 1997, Time: 00:10:21

Health: -2/49      AC:  7    Str: 10    XL:     7   Next: 12%
Gold:   169        EV: 12    Int: 15    God:
                   SH:  0    Dex: 14

rFire   + + .        a - +2 dagger
rCold   + . .        (no shield)
rNeg    . . .        b - +0 robe
rPois   ∞            (no helmet)
rElec   +            c - +0 cloak
rCorr   +            (no gloves)
SInv    .            (boots unavailable)
Will    .....        (no amulet)
Stlth   +++          j - ring of ice
HPRegen 0.28/turn    l - +4 ring of protection
MPRegen 0.00/turn

%: infuse magic (-3 HP)
@: brilliant, resistant, attractive, flying, very slightly contaminated
A: sickness immunity, fire resistance 2, cold vulnerability 1, float, innate
caster, HP casting, extra vitality 1
a: no special abilities


You were on level 5 of the Dungeon.
You visited 1 branch of the dungeon, and saw 5 of its levels.
You also visited: Sewer.

You collected 169 gold pieces.

Inventory:

Hand Weapons
 a - a +2 dagger (weapon)
 g - a +2 quarterstaff of freezing
Missiles
 d - a poisoned dart (quivered)
 e - 2 curare-tipped darts
Armour
 b - a +0 robe (worn)
 c - a +0 cloak (worn)
Jewellery
 j - a ring of ice (left hand)
 l - a +4 ring of protection (right hand)
Scrolls
 h - 2 scrolls of identify
 k - a scroll of poison


   Skills:
 * Level 2.7 Fighting
 * Level 3.1 Short Blades
 * Level 3.0 Throwing
 * Level 1.9 Armour
 * Level 2.2 Dodging
 * Level 4.4 Stealth
 * Level 1.2 Spellcasting


You knew the following spells:

 Your Spells              Type           Power      Damage    Failure   Level
a - Slow                  Hex            24%        N/A       14%         1
b - Blink                 Tloc           12%        N/A       22%         2
c - Portal Projectile     Hex/Tloc       12%        N/A       41%         3
Your spell library was empty.

Dungeon Overview and Level Annotations

Branches:
Dungeon (5/15)              Sewer (visited)
 Temple: D:4-7

Altars:
Dithmenos

Annotations:
D:5 1 runed translucent door, laqueoix's ghost, amateur OgGl


Innate Abilities, Weirdness & Mutations

You are immune to sickness and miasma.
You are immune to poison.
Your flesh is very heat resistant. (rF++)
You are vulnerable to cold. (rC-)
You float through the air rather than walking.
You learn spells naturally, not from books.
Your magical power is your life essence.
You have superior vitality. (+4 MHP)


Message History

Sorry, you're not good enough to have a special ability.
Unknown command.
Casting: Blink (safe; 22% risk of failure)
Confirm with . or Enter, or press ? or * to list all spells.
You blink.
Throw: 2 darts (poison)
Press: ? - help, Q - select action, (/) - cycle Shift-Dir - straight line, f/p - hornet
Aim: a hornet (46% to hit)
You throw a poisoned dart.
The poisoned dart closely misses the hornet.
Casting: Blink (safe; 22% risk of failure)
Confirm with . or Enter, or press ? or * to list all spells.
You are still too unstable to blink.
Unknown command.
Casting: Blink (safe; 22% risk of failure)
Confirm with . or Enter, or press ? or * to list all spells.
The spell is quite dangerous to miscast (41% risk of failure)!
Continue anyway?
You miscast Portal Projectile.
You are very lightly contaminated with residual magic.
The floor and the ceiling briefly switch places.
You are magically locked in place.
The hornet stings you!
You hit the hornet.
The hornet is lightly wounded.
The hornet stings you! x2
* * * LOW HITPOINT WARNING * * *
You feel better. The hornet completely misses you.
It was a potion of attraction.
You feel attractive to monsters. The hornet stings you!
* * * LOW HITPOINT WARNING * * *
The hornet closely misses you.
It was a potion of resistance.
You feel protected.
You are no longer locked in place.
You feel stable enough to blink again. The hornet stings you.
* * * LOW HITPOINT WARNING * * *
It was a potion of brilliance.
You feel clever all of a sudden. The hornet stings you!
You die...

# # #W ####.
### ##+ .#s.
b.# ..##(.#
#b###
....#####...
#.........
#.# #.#
#(#####.#
#(..y@.<#
####.#######
##....#
###..####
#...##
##.###
###..#
###...##
#....##


You could see a hornet.

Vanquished Creatures
  An ogre (D:4)
  2 orc priests (D:5)
  A jelly (D:5)
  Crazy Yiuf (D:4)
  An orc wizard (D:5)
  6 adders
  6 river rats (Sewer)
  3 worms
  3 orcs
  8 ball pythons
  5 endoplasms
  3 giant cockroaches
  7 hobgoblins
  5 kobolds
  4 quokkas
  A bat (D:1)
  5 frilled lizards
  5 goblins
  13 rats
80 creatures vanquished.

Notes
Turn   | Place    | Note
-------+----------+-------------------------------------------
     0 | D:1      | ChrisAssaf the Djinni Brigand began the quest for the Orb.
     0 | D:1      | Reached XP level 1. HP: 18/18 MP: 0/0
   208 | D:1      | Reached XP level 2. HP: 23/23 MP: 0/0
   405 | D:2      | Reached XP level 3. HP: 20/28 MP: 0/0
   405 | D:2      | Learned a level 1 spell: Slow
   560 | D:2      | Found a shadowy altar of Dithmenos.
   625 | D:2      | Reached XP level 4. HP: 24/33 MP: 0/0
   731 | D:3      | Reached skill level 1 in Armour
   806 | D:4      | Noticed an ogre
   819 | D:4      | Killed an ogre
   820 | D:4      | Reached XP level 5. HP: 39/39 MP: 0/0
   820 | D:4      | Learned a level 2 spell: Blink
   949 | D:4      | Found a runed translucent door.
   950 | D:4      | Noticed Crazy Yiuf
   958 | D:4      | Killed Crazy Yiuf
   959 | D:4      | Reached skill level 4 in Stealth
   964 | D:4      | Identified the +3 hammer of the Beginning {antimagic, rN+
                  | Will+ rCorr Int-2 Dex+3}
  1212 | D:5      | Entered Level 5 of the Dungeon
  1224 | D:5      | Reached XP level 6. HP: 32/45 MP: 0/0
  1231 | D:5      | Found a runed translucent door.
  1231 | D:5      | Noticed laqueoix's ghost (amateur OgGl)
  1232 | D:5      | Reached skill level 1 in Spellcasting
  1258 | D:5      | Found a glowing drain.
  1293 | Sewer    | Entered a sewer
  1359 | Sewer    | HP: 2/45 [river rat (8)]
  1548 | Sewer    | Reached XP level 7. HP: 28/49 MP: 0/0
  1548 | Sewer    | Learned a level 3 spell: Portal Projectile
  1986 | D:5      | Noticed a hornet
  1997 | D:5      | Slain by a hornet

Illustrated notes

Levels and vault maps discovered:
D:1:      eino_arrival_cavern_b, layout_basic, serial_park_tiny_1,
          grunt_decor_cap, minivault_14
D:2:      layout_basic, basic_altar, minmay_misc_feat_nine_boxes
D:3:      layout_rooms, mainiacjoe_overflow_alcove_4,
          hellmonk_ecumenical_altar_inner_sanctum, roderic_roman_lattice,
          hex_intersection, minmay_surrounded, uniq_robin
D:4:      layout_loops_corners, serial_bayou_pond_a, uniq_crazy_yiuf_cottage,
          uniq_edmund
D:5:      layout_loops_cross, temple_fountains, cheibrodos_sewer_entry_bend,
          serial_shops, kennysheep_mini, ebering_ghost_inner_flame

Skill      XL: |  1  2  3  4  5  6 |
---------------+-------------------+-----
Short Blades   | 2 3 |  3.1
Throwing       | 2 3 |  3.0
Armour         | 1 |  1.9
Stealth        | 4 |  4.4
Spellcasting   | 1 |  1.2
Dodging        | 2 |  2.2
Fighting       | |  2.7

Action                     |  1- 3 |  4- 6 |  7- 9 || total
---------------------------+-------+-------+-------++-------
  Melee: Dagger            |    99 |   117 |    51 ||   267
         Punch             |     1 |     2 |       ||     3
  Throw: Dart              |    22 |    17 |     9 ||    48
   Cast: Blink             |       |       |     2 ||     2
    Use: Scroll            |       |     9 |     1 ||    10
         Potion            |       |     3 |     5 ||     8
   Stab: Sleeping          |     3 |     8 |     2 ||    13
 Armour: Robe              |    22 |    28 |    14 ||    64
  Dodge: Dodged            |    62 |    56 |    21 ||   139
